Wooble, lawful female dwarven Archeologist }}}}}}}}}}}}}}}}}}}}}}}}}}}}}}}}}}}}}}}}}}}}}}}}}}}}}}}}}}}}}} }}}}}}}}}}}}}}}}}}}}}}}}}}}}}}}}}}}}}}}}}}}}}}}}}}}}}}}}} }}.}}}}}..}}}}}......}}}}}}}}}}}}}}}}}}}}}}}}}}}}}} }...}}.@@@.}}}}}....}}}}}}}}}}}}}}}}}}}}}}}}} })...}}}}}}}}}}....}}}..}}}}}}}}}}}.... }....}}}}}}}}.....}}}}..}}}}}}... }..`h}}}}}}}}}}}}.}}}}.}}}}}}%- }....}}}}}}}}}}}}}}}}}}.}}}...| }.....}.}}....}}}}}}}}}.}}`...----- }......}}}}..}}}}}}}}}}}}}...t....| }....}}}}}}}}}}}}}}}}}}}}}..`.....| }.....}}}}}}}}}}}}}}}}}}}}...u----- }...@..}}}}}}}}}}}}}}}}}}}}%..| }.`.W...}}}}}}}..}}}}}}}}}}}}`----------------- }}}}}....}}}}}} }..@.<...}}.}}....}}}}}}}}}}}}...............`.}}}}}..}}}}}}}}}.......}}}}} }.......}y}}}}}..r...}}}}}}}}}}}}}}.....`.}}}}}}}}}.....}}}}}}...}}..}}}}}} }....&}}}}}}}}}}}.....}}}}}}}}}}}}}}}}}}}}}}.}}}}}}}..}}}}}}}}}}....}}}}}}} }}..}}}}}}}}}}}}}....}}}}}}}}}}}}}}}}}}}}}}%..}}..}}}}}}}.}}.}}}}..}}}}}}}} }}}}}}}}}}}}}}}}}}}}}}}}}}}}}}}}}}}}}}}}}}}}}}}}}}}}}}}}}}}}}}}}}}}}}}}}}}} }}}}}}}}}}}}}}}}}}}}}}}}}}}}}}}}}}}}}}}}}}}}}}}}}}}}}}}}}}}}}}}}}}}}}}}}}}} Wooble the Digger Experience level: 1 Strength: 14 Dexterity: 10 Constitution: 14 Intelligence: 16 Wisdom: 12 Charisma: 9 Health: 11(15) Energy: 1(1) Def: 1 Gold: 15 Moves: 95 Dungeon seed: kEnHVyLKEHmaq00s Game ID: Wooble_1434635956 Your Inventory: Coins $ - 15 gold pieces Weapons a - a +2 bullwhip (alternate weapon; not wielded) h - a +0 boomerang (in quiver) Armor e - an uncursed +0 leather jacket (being worn) n - an uncursed +0 fedora (being worn) Comestibles b - 3 uncursed food rations i - an uncursed orange Scrolls j - an uncursed scroll of blank paper Tools c - a +0 pick-axe (weapon in hand) d - a rusty tinning kit (0:67) f - an uncursed sack g - an uncursed rusty tin opener Gems q - an uncursed touchstone Spells known in the end: Name Level Category Fail Memory Your skills at the end: Fighting Skills Weapon Skills pick-axe [Basic] boomerang [Basic] whip [Basic] Spellcasting Skills Final Attributes: You were fervently aligned. You had infravision. You were stealthy. You were fast. You are dead. Voluntary challenges: You went without food. You were an atheist. You never hit with a wielded weapon. You were a pacifist. You were illiterate. You never genocided any monsters. You never polymorphed an object. You never changed form. You used no wishes. You never split a pudding. You never wrote Elbereth's name. You never violated your personal moral code. Dungeon overview: The Dungeons of Doom: levels 1 to 23 Level 1 a long staircase Level 2 Level 3 Level 4 Level 5 Level 6 Level 7 Level 8 a long staircase Level 9 Level 10 Level 11 a fountain Level 12 Level 13 Level 14 a fountain Level 15 Level 16 Level 17 a fountain Level 18 Level 19 Level 20 Level 21 Level 22 Level 23 <- You were here History has recorded: On T:1 you entered the Dungeons of Doom to retrieve the Amulet of Yendor! On T:21 you reached level 2 of The Dungeons of Doom. On T:24 you reached level 3 of The Dungeons of Doom. On T:27 you reached level 4 of The Dungeons of Doom. On T:29 you reached level 5 of The Dungeons of Doom. On T:33 you reached level 6 of The Dungeons of Doom. On T:35 you reached level 7 of The Dungeons of Doom. On T:38 you reached level 8 of The Dungeons of Doom. On T:41 you reached level 9 of The Dungeons of Doom. On T:44 you reached level 10 of The Dungeons of Doom. On T:46 you reached level 11 of The Dungeons of Doom. On T:49 you reached level 12 of The Dungeons of Doom. On T:52 you reached level 13 of The Dungeons of Doom. On T:56 you reached level 14 of The Dungeons of Doom. On T:58 you reached level 15 of The Dungeons of Doom. On T:61 you reached level 16 of The Dungeons of Doom. On T:64 you reached level 17 of The Dungeons of Doom. On T:67 you reached level 18 of The Dungeons of Doom. On T:70 you reached level 19 of The Dungeons of Doom. On T:74 you reached level 20 of The Dungeons of Doom. On T:77 you reached level 21 of The Dungeons of Doom. On T:80 you reached level 22 of The Dungeons of Doom. On T:82 you reached level 23 of The Dungeons of Doom. Score breakdown: Gold: 15 ( 4096 points) Experience: 1 level ( 0 points) Exploration: 23 levels ( 46.94%) (20310 points) Discoveries: 0 items ( 0.00%) ( 0 points) Valuables value: (no points given unless you survive) Artifact value: 0 ( 0 points) Variety of kills: 0 monsters ( 0.00%) ( 0 points) Time penalty: 95 turns ( 0 points) Survival: died (score multiplied by 80%) Total score: 19524 Latest messages: You try to crawl out of the water. Pheew! That was close. The Nazgul swings his long sword. The Nazgul hits! The sack is empty. Final status: Goodbye Wooble the Archeologist, drained of life by a Nazgul... You died in The Dungeons of Doom on dungeon level 23 with 19524 points, and 15 pieces of gold, after 95 moves. You were level 1 with a maximum of 15 hit points when you died.